AoeStats
← So sad

Nomad

507771931Analyzed
3v3 RM · 11d ago on Sep 19, 2026· 47m 18s· 6 players
Game mode
Random Map
Map size
210×210
Population
200
Speed
Normal
Resources
Standard
Victory
Conquest
Starting age
Dark Age
Ending age
Imperial Age
RankedLock teamsTeams togetherTeam positionsShared explorationLock speedFull tech treeHidden civsTurbo modeCheats
Victory
Defeat
🇧🇾 Burmese · Belarus
1366
+19
🇺🇦 Goths · Ukraine
1355
+19
🇧🇾 Britons · Belarus
1331
+20
🇧🇷 Portuguese · Brazil
1480
-21
🇳🇴 Vikings · Norway
1428
-19
🇧🇷 Malians · Brazil
1387
-18
Sasha The Bunny
3:52 Loom
14:55 Feudal Age
15:28 Double-Bit Axe
15:48 Fishing Lines
16:44 Town Watch
20:53 Castle Age
19:10 Fletching
20:08 Padded Archer Armor
20:02 Horse Collar
21:24 Gold Mining
22:05 Medium Warships
22:31 Bodkin Arrow
26:34 Heavy Plow
27:23 Bow Saw
34:34 Scale Mail Armor
39:44 Imperial Age
37:43 Forging
37:56 Stone Mining
38:57 Iron Casting
39:26 Chain Mail Armor
39:55 Gold Shaft Mining
40:11 Elite Berserk
43:06 Plate Mail Armor
44:29 Blast Furnace
44:48 Conscription
47:08 Arson
Karzul
5:02 Loom
15:00 Feudal Age
20:47 Castle Age
29:19 Scale Mail Armor
31:13 Horse Collar
34:49 Town Watch
38:21 Wheelbarrow
38:51 Squires
44:37 Imperial Age
43:18 Fletching
43:22 Double-Bit Axe
43:18 Horse Collar
44:12 Bow Saw
44:33 Padded Archer Armor
44:28 Bodkin Arrow
brunoteixeirster
4:40 Loom
13:03 Feudal Age
19:14 Castle Age
18:09 Double-Bit Axe
20:09 Medium Warships
24:57 Fishing Lines
25:13 Gold Mining
26:35 Redemption
27:59 Wheelbarrow
27:05 Horse Collar
27:58 Fervor
32:34 Imperial Age
32:39 Fletching
33:07 Hand Cart
35:32 Chemistry
42:19 Masonry
42:37 Heavy Plow
44:22 Elite Organ Gun
NiL
4:35 Loom
13:15 Feudal Age
18:42 Castle Age
16:45 Double-Bit Axe
17:55 Fletching
21:16 Bodkin Arrow
25:41 Squires
25:44 Scale Mail Armor
26:07 Gold Mining
28:41 Stone Mining
30:23 Wheelbarrow
29:34 Town Watch
33:25 Hand Cart
33:37 Horse Collar
37:24 Imperial Age
35:45 Bow Saw
35:52 Anarchy
36:59 Forging
37:05 Chain Mail Armor
37:33 Heavy Plow
38:32 Iron Casting
38:56 Conscription
40:49 Blast Furnace
39:50 Bracer
40:15 Elite Huskarl
41:53 Perfusion
HURMA
4:57 Loom
14:12 Feudal Age
15:15 Fishing Lines
16:55 Wheelbarrow
20:54 Castle Age
21:48 Medium Warships
21:29 Gillnets
22:52 Hand Cart
25:43 Clinker Construction
25:10 Demolition Ship
26:33 Careening
28:14 Forging
28:10 Padded Archer Armor
28:00 Fletching
28:39 Ballistics
29:19 Bodkin Arrow
29:44 Horse Collar
30:22 Bloodlines
30:12 Husbandry
30:54 Husbandry
31:49 Town Watch
37:16 Masonry
36:47 Treadmill Crane
41:05 Imperial Age
38:51 Scale Barding Armor
38:56 Forging
40:12 Heavy Plow
42:32 Chain Barding Armor
42:24 Forging
42:45 Conscription
43:05 Stone Mining
43:06 Gold Mining
44:36 Plate Barding Armor
44:29 Howdah
45:28 Elite Battle Elephant
47:31 Iron Casting
47:44 Siege Engineers
So sad
3:23 Loom
13:23 Feudal Age
14:33 Town Watch
15:17 Double-Bit Axe
19:25 Fishing Lines
22:33 Castle Age
22:04 Horse Collar
27:32 Fletching
29:14 Gold Mining
30:30 Padded Archer Armor
33:01 Wheelbarrow
34:14 Leather Archer Armor
33:54 Bodkin Arrow
34:21 Ballistics
34:11 Stone Mining
35:58 Yeomen
37:31 Gold Shaft Mining
41:05 Imperial Age
38:55 Hand Cart
39:15 Town Patrol
38:58 Light Cavalry
41:46 Husbandry
43:05 Chemistry
43:02 Conscription
43:15 Bow Saw
43:07 Heavy Plow
43:31 Elite Longbowman
45:41 Hoardings
45:57 Bracer
46:28 Ring Archer Armor
Connection lost

Rejoining the realm…

Still unreachable

The connection could not be restored.

Session expired

The server has moved on; the page needs a fresh start.